 Dungeon Crawl Stone Soup version 0.20.1-1-g8b1a95d (webtiles) character file.

236 TheGuigne the Bolt Thrower (level 5, 0/42 HPs)
             Began as a Minotaur Hunter on Aug 22, 2017.
             Slain by a slave (4 damage)
             ... led by Pikel
             ... on level 4 of the Dungeon.
             The game lasted 00:07:29 (3479 turns).

TheGuigne the Bolt Thrower (Minotaur Hunter)        Turns: 3479, Time: 00:07:30

Health: 0/42       AC:  5    Str: 16    XL:     5   Next: 77%
Magic:  4/4        EV:  9    Int:  8    God:
Gold:   174        SH:  9    Dex: 12    Spells: 4/4 levels left

rFire    + . .     SeeInvis .   b - +0 trident
rCold    . . .     Gourm    .   o - +0 shield
rNeg     . . .     Faith    .   r - +0 ring mail
rPois    .         Spirit   .   (helmet restricted)
rElec    .         Reflect  .   (no cloak)
rCorr    .         Harm     .   (no gloves)
MR       .....                  (no boots)
Stlth    +.........             (no amulet)
Regen    0.2/turn               (no ring)
MPRegen  0.1/turn               y - ring of protection from fire

@: about to teleport
A: retaliatory headbutt, horns 2
a: no special abilities


You were on level 4 of the Dungeon.
You were not hungry.

You visited 1 branch of the dungeon, and saw 4 of its levels.

You collected 244 gold pieces.
You spent 70 gold pieces at shops.

Inventory:

Hand Weapons
 a - a +1 hand crossbow
 b - a +0 trident (weapon)
Missiles
 d - 68 bolts
 g - 59 stones
 i - 8 tomahawks (quivered)
Armour
 c - a +0 leather armour
 o - a +0 shield (worn)
 r - a +0 ring mail (worn)
Jewellery
 j - an uncursed ring of wizardry
 y - a ring of protection from fire (right hand)
 z - an uncursed ring of ice
Scrolls
 e - 2 scrolls of enchant armour {unknown}
 k - 2 scrolls of magic mapping {unknown}
 l - 2 scrolls of teleportation
 m - 7 scrolls of identify
 n - a scroll of random uselessness {unknown}
 p - a scroll of fear {unknown}
 t - a scroll of fog {unknown}
 w - a scroll of remove curse {unknown}
Potions
 q - a potion of invisibility
 s - a potion of brilliance {unknown}
Comestibles
 f - 2 bread rations
 h - 2 meat rations
 v - 3 royal jellies
 x - 3 fruits


   Skills:
 - Level 2.4 Fighting
 + Level 3.0 Polearms
 - Level 6.0 Crossbows
 - Level 2.1 Dodging
 - Level 0.7 Stealth
 + Level 3.8 Shields


You had 4 spell levels left.
You didn't know any spells.

Dungeon Overview and Level Annotations

Branches:
Dungeon (4/15)
 Temple: D:4-7

Altars:

Shops:
D:4 *

Annotations:
D:4 Pikel


Innate Abilities, Weirdness & Mutations

You reflexively headbutt those who attack you in melee.
You have a pair of horns on your head.


Message History

The slave shouts!
You hear a shout! x2
The slave hits you.
You closely miss the slave.
The slave is heavily wounded.
You block the slave's attack.
You hit the slave but do no damage. Your headbutt misses the slave.
The slave is heavily wounded.
The slave hits you! You block the slave's attack.
Pikel says, "You'll fetch a fair price!"
As you read the scroll of teleportation, it crumbles to dust.
You feel strangely unstable. The slave hits you.
* * * LOW HITPOINT WARNING * * *
You block the slave's attack.
A slave comes into view.
You miss the slave.
The slave is heavily wounded.
The slave hits you.
* * * LOW HITPOINT WARNING * * *
The slave misses you. Pikel misses you. The slave hits you.
You die...

#.. ##.# #.# ###... #.# #.#
...... ############ #.#
#.#####...
#.........<###.###.##......
.##.p...........##......
#.###(###.##..##...... ...
#p##.#.#..# ###... #p##
##@#.###.).# #...
....###pK.#.#....### #...
.K. ...p............###.##
#.. .###...#.##..##.##...#
#.p ##(##.##..##.......
...##.##..#####...#
######.##..######.##
#.##.........##
#.##.#...>.....


You could see Pikel and 3 slaves.

Vanquished Creatures
  A slave (D:4)
  A jelly (D:4)
  Terence (D:3)
  2 orc wizards (D:3)
  A worker ant (D:4)
  3 adders
  An ooze (D:2)
  5 worms
  2 dart slugs (D:1)
  2 leopard geckos (D:3)
  5 orcs
  3 giant cockroaches
  7 goblins
  5 hobgoblins
  2 quokkas
  A ball python (D:1)
  5 bats
  5 frilled lizards
  7 kobolds
  9 rats
68 creatures vanquished.

Notes
Turn   | Place    | Note
-------+----------+-------------------------------------------
     0 | D:1      | TheGuigne the Minotaur Hunter began the quest for the Orb.
     0 | D:1      | Reached XP level 1. HP: 18/18 MP: 0/0
   198 | D:1      | Reached XP level 2. HP: 13/25 MP: 1/1
   382 | D:1      | Reached skill level 5 in Crossbows
  1213 | D:2      | Reached XP level 3. HP: 25/30 MP: 2/2
  1612 | D:2      | Reached skill level 6 in Crossbows
  1982 | D:3      | Noticed Terence
  1989 | D:3      | Killed Terence
  1989 | D:3      | Reached skill level 1 in Shields
  1989 | D:3      | Reached XP level 4. HP: 37/37 MP: 3/3
  2488 | D:3      | Reached skill level 1 in Polearms
  2610 | D:3      | Reached XP level 5. HP: 16/42 MP: 4/4
  2872 | D:4      | Found Mimm's General Store.
  2891 | D:4      | Bought a scroll of identify for 28 gold pieces
  2891 | D:4      | Bought a scroll of teleportation for 42 gold pieces
  3449 | D:4      | Noticed a slave
  3450 | D:4      | Noticed a slave
  3451 | D:4      | Noticed a slave
  3452 | D:4      | Noticed Pikel
  3471 | D:4      | Killed a slave
  3479 | D:4      | Noticed a slave
  3479 | D:4      | Slain by a slave

Skill      XL: |  1  2  3  4  5 |
---------------+----------------+-----
Crossbows      | 5 6 |  6.0
Shields        | 1 2 3 |  3.8
Polearms       | 1 3 |  3.0
Fighting       | |  2.4
Dodging        | |  2.1
Stealth        | |  0.7

Action                   |  1- 3 |  4- 6 || total
-------------------------+-------+-------++-------
Melee: Short sword       |    57 |       ||    57
       Headbutt          |     9 |     6 ||    15
       Spear             |       |    43 ||    43
       Trident           |       |    29 ||    29
 Fire: Hand crossbow     |    55 |    45 ||   100
  Use: Potion            |       |     1 ||     1
       Scroll            |       |     1 ||     1
 Stab: Sleeping          |     1 |       ||     1
       Invisible         |       |     1 ||     1
  Eat: Chunk             |     3 |     5 ||     8
Armor: Leather armour    |    24 |       ||    24
       Ring mail         |       |    13 ||    13
Dodge: Dodged            |    37 |    22 ||    59
Block: Shield            |     9 |    31 ||    40
